[Event "Fall IM-D Norm Invitational 2022"]
[Site "Charlotte"]
[Date "2022.11.21"]
[Round "8"]
[White "Lee, Alice"]
[Black "Malicka, Maria"]
[Result "1/2-1/2"]
[ECO "E26"]
[WhiteElo "2284"]
[BlackElo "2275"]
[Annotator "TA"]
[PlyCount "51"]
[EventDate "2022.11.18"]
[EventType "tourn"]
[EventCountry "USA"]
[SourceTitle "playchess.com"]
[Source "ChessBase"]
[SourceQuality "1"]
[TimeControl "5400+30"]

1. d4 Nf6 2. c4 e6 3. Nc3 Bb4 4. e3 c5 5. a3 Bxc3+ 6. bxc3 d6 7. Bd3 Nc6 8. Ne2 O-O 9. O-O e5 10. e4 Re8 11. f3 {[#]} (11. d5 $5 Ne7 12. Be3 $14) 11... Qc7 $146 {[%emt 0:09:42][%cal Re5d4] E29: Nimzo-Indian: Sämisch: 5...0-0 6 e3 c5 7 Bd3 Nc6.} ({Predecessor:} 11... h6 12. Be3 b6 13. Bf2 Nh7 14. f4 Na5 15. Bg3 Ba6 16. fxe5 dxe5 17. Bxe5 Bxc4 18. Bg3 Qd7 19. h3 Ng5 {0-1 (74) Ezat,M (2401)-Kuzubov,Y (2643) Chess.com INT 2020}) 12. Be3 b6 13. d5 Na5 {[%emt 0:01:05] White is slightly better.} 14. Ng3 Ba6 15. Qe2 Nd7 16. h4 Nf8 17. h5 {[%emt 0:01:23] Prevents Ng6.} h6 18. Nf5 Bc8 19. Nh4 Qe7 20. g3 Nh7 21. Ng2 Nf6 22. g4 Nh7 23. Kh2 Ng5 24. Kg3 Qd7 25. Bxg5 hxg5 26. a4 {[%emt 0:00:39] Weighted Error Value: White=0.05 (flawless) /Black=0.06 (flawless)} 1/2-1/2

[Event "Fall IM-D Norm Invitational 2022"]
[Site "Charlotte"]
[Date "2022.11.21"]
[Round "8"]
[White "Eidelman, Gabriel"]
[Black "Willy, Stephen"]
[Result "1-0"]
[ECO "D35"]
[WhiteElo "2197"]
[BlackElo "2159"]
[Annotator "TA"]
[PlyCount "81"]
[EventDate "2022.11.18"]
[EventType "tourn"]
[EventCountry "USA"]
[SourceTitle "playchess.com"]
[Source "ChessBase"]
[SourceQuality "1"]
[TimeControl "5400+30"]

1. d4 Nf6 2. c4 e6 3. Nc3 d5 4. cxd5 exd5 5. Bg5 c6 6. e3 Qb6 {[%emt 0:00:09] 6...Bd6 is the recent fashion.} 7. Qd2 {[%emt 0:00:35] [#]} Bb4 $146 {[%emt 0:00:55] D35: Queen's Gambit Declined: Exchange Variation.} (7... Be7 $11 {keeps the balance.}) ({Predecessor:} 7... Ne4 8. Nxe4 dxe4 9. Ne2 Bb4 10. Nc3 Qa5 11. Bh4 Be6 12. a3 Nd7 13. Rc1 Bxc3 14. Qxc3 Qxc3+ 15. bxc3 {1-0 (35) Hammer,J (2632)-Ivanov,S (2539) Sweden 2018}) 8. Bxf6 $16 gxf6 9. Bd3 Rg8 {[%emt 0:02:27] White is better.} 10. Nge2 h5 11. h4 Bd6 12. e4 dxe4 13. Nxe4 Be7 14. Bc4 Rg4 15. N4c3 {[%emt 0:06:36] White is more active. Pair of Knights!} Rxg2 (15... Qb4 $16) 16. Ng3 (16. Nf4 $18 Rg8 17. O-O-O) 16... Bg4 17. Bf1 {[%emt 0:04:14][%mdl 64] Trapped Piece} Rxg3 18. fxg3 Bd6 (18... Na6 $16) 19. Qf2 $2 (19. Bh3 $18) 19... Nd7 (19... Na6 $1 $14) 20. Bh3 $1 Qc7 (20... Bxh3 $16 21. Rxh3 O-O-O) 21. Ne4 (21. Bxg4 $2 Bxg3 22. Bf3 (22. Bxd7+ $2 Kxd7 23. O-O Bxf2+ $19) 22... O-O-O $19) (21. Qe3+ $1 $18 Kf8 22. Qh6+ Kg8 23. Bxg4 Bxg3+ 24. Kd1 hxg4 25. Rg1) 21... Qa5+ 22. Kf1 $1 Qb5+ $2 (22... Bxh3+ $16 {keeps fighting.} 23. Rxh3 (23. Kg1 Bc7 $11) 23... Be7) 23. Kg1 $18 Be7 24. Bxg4 hxg4 25. Nc3 Qb6 26. Re1 {[%emt 0:01:20] Prevents Ne5. Hoping for Qe3.} Ne5 27. Na4 ({Worse is} 27. dxe5 Bc5 28. exf6+ Kf8 $17) 27... Qxd4 28. Qxd4 Nf3+ 29. Kf2 (29. Kg2 $18 {is more deadly. Intending Qxf6 and mate.} Nxd4 30. Re4) 29... Nxd4 $16 30. Re4 Rd8 (30... Ne6 $16) 31. Rhe1 $2 ({Much less strong is} 31. Rxg4 Kf8 $16) ({Better is} 31. Rd1 $18 Ne6 32. Rxd8+ Bxd8 33. Rxg4) 31... Ne6 $11 32. Rxg4 Kf8 {[%emt 0:00:12] Against Rg8+. aiming for ...b5.} 33. Rge4 f5 34. R4e2 f4 35. Re4 {[%emt 0:05:05] [#]} (35. Rf1 $11) 35... Rd3 $1 $17 36. Rg1 b5 37. Ke2 {[%emt 0:00:01] [#]} Rxg3 ({Black should try} 37... Rd6 $1 $17 {And now ...f5 would win.} 38. Nc3 f5 39. Rxf4 (39. Re5 $2 Bf6 $17) 39... Nxf4+ 40. gxf4 Bxh4) 38. Rxg3 $11 fxg3 39. Nc3 g2 $1 40. Kf2 {[%emt 0:00:56][%mdl 1024] White has compensation.} Nd4 $2 41. Rxd4 {[%emt 0:00:59] Weighted Error Value: White=0.35/Black=0.53} 1-0

[Event "Fall IM-D Norm Invitational 2022"]
[Site "Charlotte"]
[Date "2022.11.21"]
[Round "8"]
[White "Amburgy, Ryan"]
[Black "Estrada Nieto, Julian"]
[Result "1-0"]
[ECO "A07"]
[WhiteElo "2175"]
[BlackElo "2241"]
[Annotator "TA"]
[PlyCount "83"]
[EventDate "2022.11.18"]
[EventType "tourn"]
[EventCountry "USA"]
[SourceTitle "playchess.com"]
[Source "ChessBase"]
[SourceQuality "1"]
[TimeControl "5400+30"]

1. Nf3 d5 2. g3 Nf6 3. Bg2 c6 4. O-O Bg4 5. c4 dxc4 6. Na3 {[%emt 0:00:35][%cal Bb1a3,Ba3c4,Bc4a5][%mdl 32] A11: English Opening: 1...c6.} Nbd7 7. Nxc4 Bxf3 8. Bxf3 {[%emt 0:00:38] White is better.} e6 9. d4 Be7 10. Qb3 Nb6 11. Na5 Qd7 12. Rd1 O-O 13. e4 Rfd8 14. Be3 Rab8 15. Bf4 Rbc8 {[%emt 0:00:35] [#]} 16. a4 $146 ({Predecessor:} 16. h4 h6 17. Kg2 Bf8 18. g4 Qe7 19. g5 Nh7 20. g6 Nf6 21. gxf7+ Qxf7 22. Bg3 Rd7 23. h5 {1-0 (54) Neiman,E (2292)-Daurelle,H (2217) Clichy 2002}) 16... h6 17. Qc2 Bb4 18. Nb3 a5 19. Bd2 Qe7 20. Bc3 Ra8 21. Be2 Nbd7 22. f3 h5 23. Qd2 b6 ({Black should try} 23... Bxc3 $14 24. bxc3 (24. Qxc3 h4 $14) 24... e5) 24. Qg5 (24. Bxb4 $16 axb4 25. a5) 24... e5 25. Rac1 Qe6 26. dxe5 (26. Bxb4 $14 axb4 27. dxe5 Qxb3 28. exf6 Nxf6 29. Rxd8+ Rxd8 30. e5 (30. Rxc6 Qxb2 31. Kf2 b3 $17)) 26... Nh7 $1 $11 27. Qf5 {[%emt 0:00:53] Threatens to win with Qxe6.} Qxb3 28. Rxd7 {[%emt 0:01:20] And now Rc7 would win.} g6 29. Rxd8+ $1 $40 {[%emt 0:01:59][%mdl 128] White is up to no good.} Rxd8 30. Qf4 Bxc3 31. bxc3 Qb2 32. Bc4 Rf8 {[%emt 0:00:21] [#]} (32... Kh8 $1 $11 33. e6 (33. Bxf7 $2 Rd2 $19) 33... Rd2) 33. Qh6 $1 $16 {[%emt 0:02:45] Chess con chili.} Qa3 {[%emt 0:01:30] [#] Strongly threatening ...Qc5+.} 34. Rd1 {[%emt 0:01:39] White has more active pieces. The black rooks are badly placed.} ({Don't go for} 34. Qxg6+ $2 Kh8 35. Qh6 Qc5+ 36. Kh1 Qxc4 37. Qxh5 Qxa4 $19) (34. Kf1 $1 $16) 34... b5 $2 (34... Qxa4 $11 35. Bxf7+ (35. Qxg6+ $2 Kh8 $19) 35... Rxf7 36. Qxg6+ Rg7 37. Rd8+ Nf8 38. Qe6+ Rf7 39. Qg6+ Rg7) 35. Qxg6+ $1 $18 Kh8 36. Bxf7 Qxc3 37. Qxh5 {[%emt 0:01:05] aiming for e6.} Qe3+ 38. Kf1 {[%emt 0:00:01][%cal Bg1f1,Bf1g2,Bg2h3][%mdl 32] Hoping for e6.} Kg7 39. Rd7 {[%emt 0:00:21] White mates.} Qc1+ 40. Kg2 Qb2+ 41. Kh3 Rh8 42. Be6+ {[%emt 0:00:09] Weighted Error Value: White=0.13 (very precise) /Black=0.38} 1-0

[Event "Fall IM-D Norm Invitational 2022"]
[Site "Charlotte"]
[Date "2022.11.21"]
[Round "8"]
[White "De La Colina, Nicolas"]
[Black "Liu, Eric"]
[Result "1-0"]
[ECO "B51"]
[WhiteElo "2123"]
[BlackElo "2182"]
[Annotator "TA"]
[PlyCount "201"]
[EventDate "2022.11.18"]
[EventType "tourn"]
[EventCountry "USA"]
[SourceTitle "playchess.com"]
[Source "ChessBase"]
[SourceQuality "1"]
[TimeControl "5400+30"]

1. e4 c5 2. Nf3 d6 3. Bb5+ Nd7 4. d4 cxd4 5. Qxd4 a6 6. Bxd7+ Bxd7 7. c4 {[%emt 0:00:05] B51: Sicilian: Moscow Variation (3 Bb5+) without 3...Bd7.} Nf6 8. Bg5 e6 9. Nc3 {[%emt 0:01:55] The position is equal.} Bc6 10. O-O Be7 11. Rfe1 O-O 12. Rad1 Qa5 {[%emt 0:05:34] [#]} 13. Bd2 $146 ({Predecessor:} 13. Qd2 Qc7 14. Nd4 Rfe8 15. Re3 Bd7 16. b3 Qc5 17. Nf3 Bc6 18. Bxf6 Bxf6 19. Qxd6 Qxd6 20. Rxd6 {1-0 (30) Bocharov,I (2511)-Smirnov,P (2585) Astana 2017}) 13... Qc7 14. Rc1 Qb8 15. Bg5 (15. Nd5 $5 Bd8 16. Nb4 $14) 15... Qa7 16. Bxf6 gxf6 {[%emt 0:01:31] [#] Black is now going downhill.} (16... Bxf6 $11 17. Qxd6 Rad8) 17. Nd5 $1 $16 {[%emt 0:02:42][%mdl 512] White has more active pieces.} Bd8 (17... exd5 $16 18. exd5 Qxd4 19. Nxd4 Bxd5) (17... Bxd5 18. exd5) 18. Nxf6+ $18 {[%emt 0:01:22] Pair of Knights!} Kh8 {[%emt 0:00:49] And now ...Qxd4 would win.} 19. Qc3 (19. Qxd6 $2 {is the wrong capture.} Bxf6 20. b3 Qb8 $19) (19. c5 $142) 19... e5 20. Nd5 Bxd5 21. cxd5 Rg8 22. Qc2 Rg4 (22... Qb6 {was called for.} 23. Re3 Qb5) 23. Qe2 Rf4 (23... Rg6 $142 24. a3 Qb6) 24. g3 Rf6 25. Rc2 Bb6 26. Kg2 Rg8 27. Rf1 Rh6 28. Kh1 Bd8 29. Rfc1 Rhg6 30. Rc8 R6g7 31. Kg2 Rg6 32. R1c3 R6g7 33. Qe3 Qxe3 34. Rxe3 Ba5 35. Rxg8+ Rxg8 {[%emt 0:00:02][%mdl 4096] Endgame KRB-KRN} 36. Ra3 b6 37. Nh4 Ra8 38. Rb3 {[%emt 0:00:56] Prevents Bb4.} Kg8 39. Nf5 Rd8 40. Rf3 Kf8 41. a3 {[%emt 0:00:26] [#] Against Bb4. b4 is the strong threat.} Bd2 42. Kf1 b5 43. Ke2 Ba5 44. b4 Bc7 45. Rc3 Rd7 46. Rc6 Ke8 47. Rxa6 Rd8 48. Rc6 Kd7 49. Kf3 Ra8 50. Rc3 Bb6 51. Kg2 Rb8 52. f3 Bc7 53. Kh3 Rg8 54. Kg2 $2 (54. Kh4 $18) 54... Ra8 $2 (54... Rb8 $1 $11 {and Black has nothing to worry.} 55. Kh3 Rc8) 55. Kf1 Ra6 56. Ke2 Bb8 57. Kd3 Ba7 58. Kc2 Bg1 59. h3 Bf2 60. Kb3 Ba7 61. Rc2 Bb8 62. Nh6 Ba7 63. Re2 Ke7 64. f4 f6 65. Rc2 Kd7 66. Ng4 {[%emt 0:00:51] Prevents Be3.} exf4 67. gxf4 Bd4 68. Rd2 Bg1 69. Nxf6+ Ke7 70. Nxh7 Be3 71. Rg2 Bxf4 72. Rg7+ Ke8 73. Nf6+ Kd8 74. h4 Bc1 75. Kc2 Bf4 76. Kb3 Bc1 $1 77. Rb7 Rxa3+ 78. Kc2 Bf4 79. Rxb5 Rh3 80. h5 Bg5 81. Rb8+ {[%emt 0:00:19] White is clearly winning.} Ke7 82. Ng8+ Kf7 83. h6 Be3 84. b5 Bd4 85. b6 Rc3+ 86. Kd2 Rb3 87. h7 {[%emt 0:00:18] Hoping for b7.} Kg6 88. h8=Q Bxh8 89. Ne7+ Kh7 90. Nc6 (90. b7 $142 Rb5 91. Nc6) 90... Bf6 91. b7 {[%emt 0:00:47] Threatens to win with Na5.} Bg5+ 92. Kc2 Rb5 93. Kd3 (93. Nd8 $142 Bxd8 94. Rxd8 Rxb7 95. Rxd6) 93... Rb3+ 94. Kc4 Rb6 95. Na5 Bd2 96. Ra8 Bxa5 97. b8=Q Rxb8 98. Rxb8 Be1 99. Kb5 Kg7 100. Kc6 Kf6 101. Re8 {[%emt 0:00:12] Weighted Error Value: White=0.24 (precise) /Black=0.42} ({Weaker is} 101. Kxd6 Bg3+ 102. Kd7 Bxb8 $11) 1-0